 Dungeon Crawl Stone Soup version 0.19.4-9-g45fd643 (webtiles) character file.

109260 Kosschaser the Bludgeoner (level 16, -2/104 HPs)
             Began as a Gargoyle Fighter on Feb 15, 2017.
             Was the Champion of Okawaru.
             Blown up by an orb spider (21 damage)
             ... with an orb of destruction
             ... on level 4 of the Spider Nest.
             The game lasted 01:59:58 (18181 turns).

Kosschaser the Bludgeoner (Gargoyle Fighter)       Turns: 18181, Time: 02:00:00

Health: -2/104     AC: 18    Str: 31      XL:     16   Next: 51%
Magic:  1/18       EV: 17    Int:  9 (10) God:    Okawaru [******]
Gold:   860        SH:  0    Dex:  9      Spells: 0 memorised, 15 levels left

rFire  + + .     SeeInvis .     U - +10 executioner's axe "Momuh" {elec, rF++ rC+ rN+}
rCold  + . .     Gourm    .     Z - +6 scale mail of Peek-a-Boo {rElec}
rNeg   + + .     Faith    .     (shield currently unavailable)
rPois  ∞         Spirit   .     (helmet restricted)
rElec  +         Reflect  .     Q - +2 cloak {+Inv}
rCorr  .         Harm     .     O - +0 pair of gloves {archery}
MR     +....                    z - +0 pair of boots
Stlth  +.........               F - amulet of regeneration
                                g - +5 ring of strength
                                e - +3 ring of evasion

@: corroded
A: big wings, fangs 1, horns 1, icy blue scales 1, blurry vision 1, negative
energy resistance 1, electricity resistance, unbreathing, petrification
resistance, rot immunity, AC +11
a: Fly, Heroism, Finesse, Renounce Religion, Evoke Invisibility


You were on level 4 of the Spider Nest.
You worshipped Okawaru.
Okawaru was exalted by your worship.
You were not hungry.

You visited 5 branches of the dungeon, and saw 21 of its levels.

You collected 980 gold pieces.
You spent 120 gold pieces at shops.

Inventory:

Hand Weapons
 A - the +6 broad axe of the Wasteland {protect, Str+3 Dex+3}
   (You found it on level 6 of the Lair of Beasts)

   It protects the one who uses it against injury (+AC on strike).
   It affects your strength (+3).
   It affects your dexterity (+3).
 H - a +3 demon whip of freezing
 U - the +10 executioner's axe "Momuh" (weapon) {elec, rF++ rC+ rN+}
   (Okawaru gifted it to you on level 1 of the Spider Nest)

   Occasionally, upon striking a foe, it will discharge some electrical energy
   and cause terrible harm.
   It greatly protects you from fire.
   It protects you from cold.
   It protects you from negative energy.
Missiles
 M - 5 silver javelins (quivered)
Armour
 p - a +2 buckler of protection
 z - a +0 pair of boots (worn)
 O - a +0 pair of gloves of archery (worn)
 Q - a +2 cloak of invisibility (worn)
 S - a +5 ring mail of magic resistance
 Z - the +6 scale mail of Peek-a-Boo (worn) {rElec}
   (Okawaru gifted it to you on level 4 of the Spider Nest)

   It insulates you from electricity.
Jewellery
 e - a +3 ring of evasion (left hand)
 g - a +5 ring of strength (right hand)
 v - an uncursed ring of resist corrosion
 F - an amulet of regeneration (around neck)
Wands
 c - a wand of digging (14/24)
 t - a wand of acid (5/15)
 y - a wand of paralysis (14/24)
 C - a wand of random effects (11/48)
 I - a wand of flame (20/48)
 J - a wand of disintegration (14/24)
 K - a wand of flame (17/48)
 N - a wand of slowing (12/48)
 T - a wand of iceblast (8/15)
 W - a wand of flame (36/48)
 Y - a wand of enslavement (12/24)
Scrolls
 a - 2 scrolls of brand weapon {unknown}
 b - a scroll of immolation {unknown}
 i - 11 scrolls of remove curse
 m - a scroll of magic mapping
 o - 2 scrolls of enchant weapon {unknown}
 r - 3 scrolls of teleportation
 s - a scroll of fear
 x - 2 scrolls of recharging
 D - 4 scrolls of fog
Potions
 d - 4 potions of might
 j - 2 potions of cancellation
 k - 4 potions of lignification
 q - 4 potions of agility
 u - a potion of cure mutation {unknown}
 B - a potion of haste
 E - a potion of brilliance
 G - a potion of invisibility {unknown}
 L - 6 potions of curing
 P - 4 potions of mutation {unknown}
 V - a potion of flight {unknown}
Comestibles
 f - 6 bread rations
 h - 3 slices of pizza
 n - 10 meat rations
 w - 17 fruits
 R - a beef jerky
 X - 2 chunks of flesh


   Skills:
 + Level 13.5 Fighting
 + Level 13.0(15.4) Axes
 + Level 15.3(17.3) Maces & Flails
 + Level 0.1 Throwing
 + Level 10.5 Armour
 + Level 9.0 Dodging
 + Level 4.6 Stealth
 + Level 7.7 Shields
 + Level 2.4 Invocations
 + Level 2.6 Evocations


You had 15 spell levels left.
You didn't know any spells.

Dungeon Overview and Level Annotations

Branches:
Dungeon (9/15)             Temple (1/1) D:6            Lair (6/6) D:8
  Swamp (1/4) Lair:2       Spider (4/4) Lair:2        Slime (0/5) Lair:5
    Orc: D:9-12

Altars:
Cheibriados
Dithmenos
Fedhas
Gozag
Hepliaklqana
Kikubaaqudgha
Makhleb
Nemelex Xobeh
Okawaru
Qazlal
Ru
Sif Muna
Uskayaw
Vehumet
Zin

Shops:
D:8 !


Innate Abilities, Weirdness & Mutations

You are resistant to torment.
Your stone body is resilient. (AC +11)
You are immune to poison.
Your large and strong wings let you fly indefinitely.
You resist negative energy. (rN+)
You are resistant to electric shocks. (rElec)
You can survive without breathing.
You are immune to petrification.
You are immune to rotting.
You have very sharp teeth.
You have a pair of small horns on your head.
You are partially covered in icy blue scales. (AC +2)
Scrolls take you a little longer to read.


Message History

You feel you are being watched by something.
You feel your power leaking away. Something hits you!
You feel dopey. Something hits you but does no damage.
Something stings you but does no damage.
The orb spider begins to weave its threads into a brightly glowing ball.
Something hits you but does no damage. x2
Something stings you but does no damage.
You closely miss something. Something hits you!
* * * LOW HITPOINT WARNING * * *
Something hits you but does no damage. Something barely misses you.
Really read with blurry vision while enemies are nearby?
The orb spider weaves a glowing orb of energy.
Something hits you but does no damage. x2; Something barely misses you.
You begin reading the scroll.
You continue reading the scroll.
Something hits you but does no damage. x2; Something stings you.
* * * LOW HITPOINT WARNING * * *
The orb of destruction hits you!
You die...

.....# ##^≈..##
###≈.≈# .....#
...≈# ##≈≈.≈##
....## .≈≈##
#≈..^≈# ....#
.###.. ##...≈##
....#
###...###≈...##
...##
#^≈#≈.s..≈≈#
...#
#≈≈.§.≈#≈≈#
...#
#≈≈{§###≈≈#
..^# #≈.@.#
≈≈## .^.#
#≈..≈## .≈#
...###
≈.^≈.≈≈## #..#
.....## ....≈##
...# ......#
#...≈ ####
......## ##≈≈
......^# ##
.......#
.......##


You could see an orb spider.

Vanquished Creatures
  Bai Suzhen (Spider:4)
  Jorgrun (Spider:2)
  Kirke (Spider:3)
  Aizul (Spider:1)
  Louise (Spider:1)
  2 ghost moths
  5 emperor scorpions
  3 entropy weavers
  Snorg (Lair:4)
  9 hydras
  A death knight (D:9)
  3 death yaks (Lair:6)
  4 slime creatures (Swamp:1)
  A spriggan (Swamp:1)
  Sonja (Lair:4)
  The ghost of North the Chiller, a novice DrIE of Vehumet (D:8)
  A deep elf mage (D:9)
  10 orb spiders
  28 wolf spiders
  9 black mambas
  2 moths of wrath
  8 elephants
  Psyche (D:8)
  A torpor snail (Lair:6)
  7 komodo dragons
  5 rime drakes
  14 spiny frogs
  16 demonic crawlers
  A polar bear (Lair:3)
  Grinder (D:6)
  28 jumping spiders
  2 hippogriffs
  A tyrant leech (Swamp:1)
  8 hornets
  9 blink frogs
  7 dream sheep
  69 redbacks
  33 tarantellas
  2 wyverns
  A wraith (D:9)
  A hog (Spider:3)
  4 basilisks
  47 yaks
  Menkaure (D:7)
  Edmund (D:6)
  6 swamp worms (Lair:2)
  10 water moccasins
  Duvessa (D:6)
  8 porcupines
  3 orc warriors
  An ice beast (D:8)
  2 ogres
  2 sky beasts
  4 black bears
  A phantom (D:4)
  A necrophage (D:9)
  4 centaurs
  6 wolves
  11 crocodiles
  Blork the orc (D:6)
  9 bullfrogs
  A wyvern zombie (D:6)
  A water moccasin zombie (D:8)
  Dowan (D:6)
  7 scorpions
  3 electric eels
  3 crimson imps
  The ghost of vatarom the Ducker, a weakling FeMo (D:3)
  5 orc priests
  6 hounds
  An iguana (D:7)
  11 orc wizards
  Terence (D:2)
  9 worker ants
  2 hound zombies
  A hound skeleton (D:8)
  3 gnolls (D:2)
  7 adders
  7 river rats (D:8)
  An ooze (D:5)
  An adder zombie (D:8)
  3 adder skeletons
  3 worms
  3 dart slugs
  3 leopard geckos
  34 orcs
  6 giant cockroaches
  7 goblins
  12 hobgoblins
  3 jackals (D:9)
  4 quokkas
  A ball python (D:2)
  12 bats
  5 frilled lizards
  7 kobolds
  A leopard gecko skeleton (D:5)
  6 rats
  3 briar patches (Swamp:1)
  4 fungi
  A plant (Lair:6)
614 creatures vanquished.

Vanquished Creatures (others)
  A wolf spider (Spider:4)
  A redback (Spider:4)
  2 humans (Spider:3)
  An orc wizard (D:5)
  2 bushes (D:8)
  5 fungi
  3 plants
15 creatures vanquished.

Grand Total: 629 creatures vanquished

Notes
Turn   | Place    | Note
-------+----------+-------------------------------------------
     0 | D:1      | Kosschaser the Gargoyle Fighter began the quest for the Orb.
     0 | D:1      | Reached XP level 1. HP: 14/14 MP: 1/1
   314 | D:1      | Reached XP level 2. HP: 19/19 MP: 2/2
   497 | D:1      | Reached XP level 3. HP: 23/23 MP: 3/3
   661 | D:2      | Noticed Terence
   680 | D:2      | Killed Terence
   680 | D:2      | Reached XP level 4. HP: 28/28 MP: 4/4
   769 | D:2      | Reached skill level 3 in Maces & Flails
  1556 | D:3      | Reached XP level 5. HP: 33/33 MP: 5/5
  1588 | D:3      | Noticed vatarom's ghost (weakling FeMo)
  1616 | D:3      | Killed vatarom's ghost
  2255 | D:4      | Noticed a phantom
  2308 | D:4      | Killed a phantom
  2308 | D:4      | Reached skill level 1 in Dodging
  2308 | D:4      | Reached skill level 5 in Shields
  2308 | D:4      | Reached XP level 6. HP: 28/38 MP: 6/6
  2329 | D:4      | Reached skill level 4 in Maces & Flails
  2766 | D:4      | Reached XP level 7. HP: 39/43 MP: 7/7
  3353 | D:4      | Reached skill level 5 in Maces & Flails
  3524 | D:5      | Entered Level 5 of the Dungeon
  3923 | D:6      | Noticed Blork the orc
  4111 | D:5      | Reached XP level 8. HP: 41/48 MP: 8/8
  4273 | D:5      | Reached skill level 5 in Armour
  4564 | D:5      | Reached skill level 6 in Maces & Flails
  4568 | D:5      | Gained mutation: Scrolls take you a little longer to read. [mutagenic meat]
  4569 | D:5      | Gained mutation: You have a pair of small horns on your head. [mutagenic meat]
  4570 | D:5      | Gained mutation: You have very sharp teeth. [mutagenic meat]
  4571 | D:5      | Gained mutation: You are partially covered in icy blue scales. (AC +2) [mutagenic meat]
  4634 | D:6      | Noticed Grinder
  4644 | D:6      | Paralysed by Grinder for 2 turns
  4650 | D:6      | Paralysed by Grinder for 4 turns
  4658 | D:6      | Killed Grinder
  4698 | D:6      | Noticed Duvessa
  4699 | D:6      | Noticed Dowan
  4717 | D:6      | Killed Duvessa
  4727 | D:6      | Killed Dowan
  4727 | D:6      | Reached skill level 7 in Maces & Flails
  4730 | D:6      | Reached skill level 5 in Fighting
  4955 | D:6      | Killed Blork the orc
  4995 | D:6      | Reached XP level 9. HP: 54/54 MP: 9/9
  5037 | D:6      | Noticed Edmund
  5046 | D:6      | Killed Edmund
  5082 | D:6      | Found a staircase to the Ecumenical Temple.
  5104 | Temple   | Entered the Ecumenical Temple
  5166 | Temple   | Became a worshipper of Warmaster Okawaru
  5473 | D:7      | Noticed Menkaure
  5479 | D:7      | Reached skill level 1 in Stealth
  5490 | D:7      | Killed Menkaure
  5706 | D:7      | Reached skill level 8 in Maces & Flails
  6069 | D:8      | Found an ancient bone altar of Kikubaaqudgha.
  6271 | D:8      | Noticed Psyche
  6281 | D:8      | Killed Psyche
  6281 | D:8      | Reached skill level 9 in Maces & Flails
  6343 | D:8      | Reached * piety under Okawaru
  6351 | D:8      | Reached XP level 10. HP: 55/61 MP: 10/10
  6360 | D:8      | Reached skill level 10 in Maces & Flails
  6376 | D:8      | Noticed North's ghost (novice DrIE)
  6376 | D:8      | Reached ** piety under Okawaru
  6431 | D:8      | Killed North's ghost
  6431 | D:8      | Reached *** piety under Okawaru
  6431 | D:8      | Reached skill level 11 in Maces & Flails
  6443 | D:8      | Found a staircase to the Lair.
  6977 | D:8      | Found Exkal's Distillery.
  6982 | D:8      | Bought a potion of heal wounds for 60 gold pieces
  6982 | D:8      | Bought a potion of heal wounds for 60 gold pieces
  7218 | D:9      | Reached XP level 11. HP: 65/68 MP: 11/11
  7498 | D:9      | Noticed a death knight
  7776 | D:9      | Killed a death knight
  7776 | D:9      | Reached **** piety under Okawaru
  7879 | D:9      | Reached skill level 12 in Maces & Flails
  7891 | D:9      | Noticed a deep elf mage
  7901 | D:9      | Killed a deep elf mage
  8166 | Lair:1   | Entered Level 1 of the Lair of Beasts
  8464 | Lair:1   | Noticed a four-headed hydra
  8471 | Lair:1   | Killed a four-headed hydra
  8471 | Lair:1   | Reached ***** piety under Okawaru
  8629 | Lair:1   | Noticed an eight-headed hydra
  8637 | Lair:1   | Killed an eight-headed hydra
  8637 | Lair:1   | Received a gift from Okawaru
  8683 | Lair:1   | Reached skill level 1 in Invocations
  8906 | Lair:2   | Reached skill level 13 in Maces & Flails
  8946 | Lair:2   | Noticed a six-headed hydra
  8955 | Lair:2   | Killed a six-headed hydra
  8955 | Lair:2   | Received a gift from Okawaru
  8955 | Lair:2   | Reached XP level 12. HP: 51/76 MP: 12/12
  9114 | Lair:2   | Found a staircase to the Swamp.
  9141 | Swamp:1  | Entered Level 1 of the Swamp
  9296 | Swamp:1  | Noticed a spriggan rider
  9315 | Swamp:1  | Killed a spriggan rider
  9464 | Swamp:1  | Noticed a thorn hunter
  9757 | Lair:2   | Reached skill level 1 in Evocations
  9762 | Lair:2   | Reached skill level 14 in Maces & Flails
  9874 | Lair:2   | Reached skill level 5 in Dodging
  9893 | Lair:2   | Found a hole to the Spider Nest.
  9998 | Lair:2   | Noticed a six-headed hydra
 10005 | Lair:2   | Killed a six-headed hydra
 10304 | Lair:3   | Received a gift from Okawaru
 10724 | Lair:4   | Noticed Snorg
 10727 | Lair:4   | Reached skill level 10 in Fighting
 10740 | Lair:4   | Killed Snorg
 10847 | Lair:4   | Reached XP level 13. HP: 82/82 MP: 14/14
 10970 | Lair:4   | Noticed Sonja
 11190 | Lair:4   | Killed Sonja
 11831 | Lair:5   | Reached skill level 15 in Maces & Flails
 12323 | Lair:5   | Reached ****** piety under Okawaru
 12341 | Lair:5   | Found a staircase to the Slime Pits.
 12449 | Lair:5   | Got a brightly glowing battleaxe
 12450 | Lair:5   | Identified the +1 battleaxe "Mehuin" {drain, rN++ Int-2 SInv Stlth+} (You found it on level 5 of the Lair of Beasts)
 12550 | Lair:5   | Received a gift from Okawaru
 12585 | Lair:6   | Entered Level 6 of the Lair of Beasts
 12595 | Lair:6   | Reached skill level 1 in Axes
 12694 | Lair:6   | Got an encrusted scale mail
 12705 | Lair:6   | Identified the +4 scale mail "Bisogak" {Int+5} (You found it on level 6 of the Lair of Beasts)
 13364 | Lair:6   | Gained mutation: Your large and strong wings let you fly indefinitely. [Gargoyle growth]
 13364 | Lair:6   | Reached XP level 14. HP: 90/90 MP: 16/16
 13594 | Lair:6   | Reached skill level 5 in Axes
 13601 | Lair:6   | Received a gift from Okawaru
 13696 | Lair:6   | Got a crude broad axe
 13697 | Lair:6   | Identified the +6 broad axe of the Wasteland {protect, Str+3 Dex+3} (You found it on level 6 of the Lair of Beasts)
 14405 | Spider:1 | Entered Level 1 of the Spider Nest
 14456 | Spider:1 | Noticed an emperor scorpion
 14490 | Spider:1 | Killed an emperor scorpion
 14627 | Spider:1 | Noticed an entropy weaver
 14634 | Spider:1 | Noticed an entropy weaver
 14646 | Spider:1 | Killed an entropy weaver
 14700 | Spider:1 | Noticed Aizul
 14994 | Spider:1 | Received a gift from Okawaru
 15063 | Spider:1 | Noticed Louise
 15086 | Spider:1 | Killed Louise
 15334 | Spider:1 | Killed an entropy weaver
 15438 | Spider:1 | Received a gift from Okawaru
 15443 | Spider:1 | Got a brightly glowing executioner's axe {god gift}
 15444 | Spider:1 | Identified the +10 executioner's axe "Momuh" {elec, rF++ rC+ rN+} (Okawaru gifted it to you on level 1 of the Spider Nest)
 15475 | Spider:1 | Killed Aizul
 15475 | Spider:1 | Reached XP level 15. HP: 90/96 MP: 17/17
 15671 | Spider:2 | Reached skill level 10 in Armour
 15778 | Spider:2 | Killed a ghost moth
 15852 | Spider:2 | Noticed Jorgrun
 15860 | Spider:2 | Killed Jorgrun
 15860 | Spider:2 | Received a gift from Okawaru
 15994 | Spider:2 | Reached skill level 10 in Axes
 16648 | Spider:3 | Noticed Kirke
 16656 | Spider:3 | Killed Kirke
 17119 | Spider:3 | Noticed an emperor scorpion
 17126 | Spider:3 | Noticed an emperor scorpion
 17140 | Spider:3 | Killed an emperor scorpion
 17141 | Spider:3 | Killed an emperor scorpion
 17141 | Spider:3 | Received a gift from Okawaru
 17196 | Spider:3 | Noticed an emperor scorpion
 17209 | Spider:3 | Killed an emperor scorpion
 17546 | Spider:3 | Reached XP level 16. HP: 104/104 MP: 18/18
 17573 | Spider:4 | Entered Level 4 of the Spider Nest
 17573 | Spider:4 | Noticed Bai Suzhen
 17584 | Spider:4 | Killed Bai Suzhen
 17974 | Spider:4 | Received a gift from Okawaru
 17997 | Spider:4 | Got a distressingly furry scale mail {god gift}
 18027 | Spider:4 | Identified the +6 scale mail of Peek-a-Boo {rElec} (Okawaru gifted it to you on level 4 of the Spider Nest)
 18169 | Spider:4 | HP: 3/104 [disintegration (39)]
 18181 | Spider:4 | Blown up by an orb spider

Skill      XL: |  1  2  3  4  5  6  7  8  9 10 11 12 13 14 15 16 |
---------------+-------------------------------------------------+-----
Shields        | 4 5 6 7 |  7.7
Maces & Flails | 3 4 5 7 9 11 13 14 15 | 15.3
Armour         | 4 5 6 7 8 9 10 | 10.5
Fighting       | 4 5 6 8 9 10 11 12 13 | 13.5
Dodging        | 1 2 3 4 5 6 7 8 9 |  9.0
Stealth        | 1 2 3 4 |  4.6
Invocations    | 1 2 |  2.4
Evocations     | 1 2 |  2.6
Axes           | 3 8 11 13 | 13.0
Throwing       | |  0.1

Action                   |  1- 3 |  4- 6 |  7- 9 | 10-12 | 13-15 | 16-18 || total
-------------------------+-------+-------+-------+-------+-------+-------++-------
Melee: Flail             |    84 |    55 |       |       |       |       ||   139
       Morningstar       |       |   246 |   276 |       |       |       ||   522
       Headbutt          |       |       |    30 |   143 |   225 |    23 ||   421
       Bite              |       |       |    20 |    63 |   133 |    14 ||   230
       Dire flail        |       |       |    91 |   568 |   210 |       ||   869
       Battleaxe         |       |       |       |       |   222 |       ||   222
       Broad axe         |       |       |       |       |   149 |       ||   149
       Demon whip        |       |       |       |       |    59 |       ||    59
       Executioner's axe |       |       |       |       |   250 |   116 ||   366
Throw: Javelin           |       |       |       |       |       |     1 ||     1
Invok: Heroism           |       |       |       |     5 |    13 |     2 ||    20
       Finesse           |       |       |       |       |     1 |     1 ||     2
 Abil: Evoke Invisibilit |       |       |       |     2 |     3 |       ||     5
       Fly               |       |       |       |       |     1 |       ||     1
       Stop Flying       |       |       |       |       |       |     1 ||     1
Evoke: Wand              |       |       |     2 |     2 |     1 |       ||     5
  Use: Scroll            |       |     3 |     5 |     6 |    10 |       ||    24
       Potion            |       |     1 |       |     3 |     1 |     1 ||     6
 Stab: Paralysed         |       |       |     1 |       |       |       ||     1
       Invisible         |       |       |       |     1 |     1 |       ||     2
       Sleeping          |       |       |       |       |     5 |       ||     5
       Distracted        |       |       |       |       |     1 |       ||     1
       Held in net/web   |       |       |       |       |       |     1 ||     1
  Eat: Chunk             |       |     6 |    17 |    11 |    19 |     3 ||    56
       Fruit             |       |       |       |     4 |       |     1 ||     5
       Meat ration       |       |       |       |       |     1 |       ||     1
Armor: Scale mail        |    48 |   181 |   179 |   235 |       |    41 ||   684
       Ring mail         |       |       |       |    21 |   810 |   157 ||   988
Dodge: Dodged            |    52 |   196 |   209 |   332 |  1298 |   226 ||  2313
Block: Shield            |    67 |   246 |   159 |       |       |       ||   472
       Buckler           |       |       |       |       |   114 |       ||   114
